 Adventure DCSS version bcrawl-1.18.1 (webtiles) character file.

Game seed: 13467001160101576964

3 polve the Firebug (level 1, 0/11 HPs)
             Began as a Fairy Fire Elementalist on Nov 2, 2019.
             Slain by an orc
             ... wielding a +0 short sword
              (4 damage)
             ... on level 2 of the Dungeon.
             The game lasted 00:03:23 (1628 turns).

polve the Firebug (Fairy Fire Elementalist)         Turns: 1628, Time: 00:03:24

Health: 0/11       AC:  3    Str:  6    XL:     1   Next: 50%
Magic:  7/7        EV: 16    Int: 19    God:
Gold:   108        SH:  3    Dex: 12    Spells: 6/7 levels left
                                        Lives:  0   Deaths: 2

rFire    . . .     SeeInvis .   j - +0 short sword
rCold    . . .     Gourm    .   (shield restricted)
rNeg     . . .     Faith    .   (armour unavailable)
rPois    .         Spirit   .   (no helmet)
rElec    .         Reflect  .   (no cloak)
rCorr    .         Harm     .   (no gloves)
MR       .....                  (no boots)
Stlth    +.........             (no amulet)
HPRegen  0.03/turn              (no ring)
MPRegen  0.10/turn              (no ring)

@: flying evasively
A: small, magic attunement, unstealthy, unfitting armour, able to fly, AC/SH +3
a: Stop Flying


You were on level 2 of the Dungeon.
You were not hungry.

You visited 1 branch of the dungeon, and saw 2 of its levels.

You collected 108 gold pieces.

Inventory:

Hand Weapons
 j - a +0 short sword (weapon)
Missiles
 b - 951 stones (quivered)
Jewellery
 h - a cursed ring of teleportation {unknown}
Scrolls
 d - a scroll of immolation {unknown}
 e - a scroll of enchant weapon {unknown}
 i - 2 scrolls of teleportation {unknown}
 k - a scroll of magic mapping {unknown}
 m - a scroll of remove curse {unknown}
Potions
 f - 2 potions of ambrosia {unknown}
 g - a potion of curing {unknown}
 l - a potion of heal wounds {unknown}
Comestibles
 a - 2 chunks of flesh
 c - 4 rations {!d}


   Skills:
 - Level 2.6 Dodging
 - Level 1.5 Stealth
 + Level 3.5 Spellcasting
 + Level 2.4 Conjurations
 + Level 4.2 Fire Magic


You had 6 spell levels left.
You knew the following spells:

 Your Spells              Type           Power        Failure   Level  Hunger
a - Flame Tongue          Conj/Fire      ###..        3%          1    None

Your spell library contained the following spells:

 Spells                   Type           Power        Failure   Level  Hunger
 Flaming Arrows           Chrm/Fire      ##......     9%          2    None
 Conjure Flame            Conj/Fire      ###.....     11%         3    None
 Inner Flame              Hex/Fire       N/A          19%         3    None
 Sticky Flame             Conj/Fire      ###.....     34%         4    None
 Fireball                 Conj/Fire      ###.......   69%         5    None


Dungeon Overview and Level Annotations

Branches:
Dungeon (2/12)

Altars:


Innate Abilities, Weirdness & Mutations

Your spells do not cause hunger and MP costs are reduced by 1.
Your bright wings attract enemies. (Stealth-)
You cannot fit into any form of body armour.
Your shimmering scales are hard and can block incoming attacks. (AC +3, SH +3)
You are small and have problems with some larger weapons.
You can fly continuously.


Message History

The jackal completely misses you. The orc closely misses you.
The jackal closely misses you. The jackal bites you.
You die...
Xom reaches out...
You are now level 1!
You rejoin the land of the living...
Found a scale mail.
Found a stone staircase leading down.
There is a stone staircase leading down here.
The orc is too close now for your liking.
The orc hits you with a +0 short sword.
The jackal bites you but does no damage.
The orc hits you but does no damage. The jackal closely misses you.
The orc closely misses you. The jackal closely misses you.
You block the jackal's attack. You block the orc's attack.
The jackal bites you.
* * * LOW HITPOINT WARNING * * *
The orc misses you. The jackal misses you.
The orc hits you with a +0 short sword.
You die...

#........#.....8.....#
#...>....#..<.....<..#
#........#.....8.....#
#######.##....†......#
#######
#.>##..8...8..##
..#...##
###.##.......##
.......## #...h..#####
........# ###..ho#.#
......).###...##@?.#
................)).#
.................###
..#...##.#####.%##
###..###.# #......
#.....†h# #.####..
...####o## #. # ...
#h. .. ### ...# .##


You could see an orc and 2 jackals.

Vanquished Creatures
  A worm (D:1)
  2 dart slugs (D:1)
  3 leopard geckos
  4 bats (D:1)
  2 giant cockroaches (D:1)
  3 goblins
  4 hobgoblins
  A jackal (D:2)
  4 frilled lizards (D:1)
  3 kobolds
  4 rats
31 creatures vanquished.

Notes
Turn   | Place    | Note
-------+----------+-------------------------------------------
     0 | D:1      | polve the Fairy Fire Elementalist began the quest for the
                  | Orb.
     0 | D:1      | Reached XP level 1. HP: 11/11 MP: 6/6
   464 | D:1      | Reached XP level 2. HP: 12/17 MP: 8/8
   597 | D:1      | Reached skill level 4 in Fire Magic
  1136 | D:1      | Reached XP level 3. HP: 18/21 MP: 9/9
  1584 | D:2      | Slain by an orc
  1585 | D:2      | Reached XP level 2. HP: -1/17 MP: 8/8
  1609 | D:2      | Slain by a jackal
  1610 | D:2      | Reached XP level 1. HP: -1/11 MP: 7/7
  1628 | D:2      | Slain by an orc

Skill      XL: |  1  2 |
---------------+-------+-----
Spellcasting   | 3 |  3.5
Fire Magic     | 4 |  4.2
Conjurations   | 2 |  2.4
Dodging        | |  2.6
Stealth        | |  1.5

Action                   || total
-------------------------++-------
Melee: Unarmed           ||    27
       Short sword       ||    69
 Cast: Flame Tongue      ||    31
  Eat: Chunk             ||     2
Armor: Skin              ||    34
Dodge: Dodged            ||   140
Block: Other             ||    29
